 Dungeon Crawl Stone Soup version 0.31-a0-271-gb88eb75e06 (webtiles) character file.

Game seed: 9037808659455023914

315 GloriousHammer the Ruffian (level 5, -8/41 HPs)
             Began as a Demigod Shapeshifter on July 14, 2023.
             Mangled by an iguana (10 damage)
             ... on level 4 of the Dungeon.
             The game lasted 00:06:18 (2272 turns).

GloriousHammer the Ruffian (Demigod Shapeshifter)   Turns: 2272, Time: 00:06:19

Health: -8/41      AC:  8    Str: 17 (20) XL:     5   Next: 99%
Magic:  7/7        EV: 12    Int:  9 (10) God:
Gold:   178        SH:  0    Dex: 11 (14) Spells: 4/4 levels left

rFire   . .          .
                       - Unarmed
rCold   . . .        (no shield)
rNeg    . . .        p - +0 chain mail
rPois   .            (helmet currently unavailable)
rElec   .            (cloak currently unavailable)
rCorr   .            (gloves currently unavailable)
SInv    .            (boots currently unavailable)
Will    .....        (no amulet) Stlth
                     E - +5 ring of evasion
HPRegen 0.26/turn    (no ring)
MPRegen 0.10/turn

%: no passive effects
@: confused, beast-form, ambrosia-drunk
A: beast (slay +2), high MP 1, forlorn, divine attributes
a: Begin Untransformation


You were on level 4 of the Dungeon.
You were a hulking beast.
You visited 1 branch of the dungeon, and saw 4 of its levels.

You collected 178 gold pieces.

Inventory:

Missiles
 o - 7 poisoned darts
Armour
 p - a +0 chain mail (worn)
Jewellery
 E - a +5 ring of evasion (left hand)
Talismans
 c - a beast talisman
Wands
 n - a wand of quicksilver (10)
Scrolls
 e - a scroll of fear {unknown}
 g - a scroll of immolation {unknown}
 h - 3 scrolls of blinking
 j - a scroll of fog {unknown}
 l - a scroll of enchant armour {unknown}
 m - a scroll of teleportation {unknown}
 I - 2 scrolls of identify
Potions
 b - 2 potions of degeneration


   Skills:
 - Level 1.7 Fighting
 - Level 1.7 Dodging
 * Level 5.0 Unarmed Combat
 + Level 3.9 Shapeshifting


You had 4 spell levels left.
You didn't know any spells.
Your spell library was empty.

Dungeon Overview and Level Annotations

Branches:
Dungeon (4/15)             Temple (0/1) D:4

Annotations:
D:1 exclusion: downstairs
D:2 Sigmund
D:4 Edmund, Natasha


Innate Abilities, Weirdness & Mutations

You are a hulking beast.
Your limbs bulge with bestial killing power. (Slay +2)
You have an increased reservoir of magic. (+10% MP)
You shall have no god before yourself.
Your divine heritage dramatically boosts your attributes as you level up.


Message History

Natasha claws you!
You miss Natasha.
Natasha howls an incantation.
You feel troubled. Natasha claws you but does no damage.
You punch Natasha!
Natasha is severely wounded.
A hound comes into view.
Natasha claws you. The giant cockroach barely misses you. Natasha claws you.
The giant cockroach closely misses you.
The hound barks!
You hit Natasha. Your punch misses Natasha.
Natasha is severely wounded.
The giant cockroach bites you but does no damage.
Natasha claws you.
Unknown command.
Natasha attacks as you move away! Natasha misses you.
Natasha casts a spell at you. The magic dart hits you.
The giant cockroach barely misses you. Natasha casts a spell at you.
The magic dart hits you.
The giant cockroach attacks as you move away!
The giant cockroach misses you.
The giant cockroach bites you but does no damage.
Natasha wildly gestures.
Natasha glows brightly for a moment.
Natasha casts a spell.
Edmund hits you with a +3 dire flail of protection.
Things that are here:
a +2 dagger of flaming; a goblin corpse Edmund attacks as you move away!
Edmund hits you with a +3 dire flail of protection.
* * * LOW HITPOINT WARNING * * *
The hound closely misses you. The hound bites you.
* * * LOW HITPOINT WARNING * * *
The hound attacks as you move away! The hound bites you but does no damage.
The hound closely misses you.
Natasha mumbles some strange words.
There is an open door here.
The hound barely misses you.
As you read the scroll labelled BUYMEGIWKY, it crumbles to dust.
It is a scroll of identify.
h - 5 scrolls of blinking;
I - 2 scrolls of identify The hound barely misses you.
The cerulean imp hits you but does no damage.
Blink to where?
Press: ? - help, Dir - move target
As you read the scroll of blinking, it crumbles to dust.
You close the door.
You open the door. Natasha casts a spell at you. The magic dart hits you.
* * * LOW HITPOINT WARNING * * *
There is an open door here.
Natasha stares at you and mumbles some strange words.
The magic dart hits you.
* * * LOW HITPOINT WARNING * * *
You close the door.
Something unseen breaks down the door.
As you open the door, it creaks loudly!
An iguana comes into view.
The iguana hisses angrily.
The iguana bites you!
* * * LOW HITPOINT WARNING * * *
It was a potion of degeneration.
There was something very wrong with that liquid.
You feel weakened.
You feel dopey.
You feel clumsy.
Natasha casts a spell.
The iguana bites you but does no damage.
The scorpion stings you but does no damage.
Natasha mumbles some strange words.
Blink to where?
Press: ? - help, Dir - move target
Found a scroll labelled JUPHAMM KISO.
As you read the scroll of blinking, it crumbles to dust.
As you open the door, it creaks loudly!
There is an open door here.
You close the door.
Something unseen opens the door.
It was a potion of curing.
You feel better.
The cerulean imp hits you from afar with a +1 spear.
* * * LOW HITPOINT WARNING * * *
The cerulean imp hits you from afar with a +1 spear.
* * * LOW HITPOINT WARNING * * *
The cerulean imp barely misses you.
You feel yourself speed up.
The scorpion stings you but does no damage.
It was a potion of ambrosia.
You are confused.
You feel invigorated.
The cerulean imp hits you from afar with a +1 spear.
* * * LOW HITPOINT WARNING * * *
The scorpion stings you.
* * * LOW HITPOINT WARNING * * *
Unknown command.
You're too confused to move!
The cerulean imp hits you from afar with a +1 spear.
* * * LOW HITPOINT WARNING * * *
The scorpion stings you but does no damage.
The iguana bites you!
You die...

#.......##.5....#.......#
#...^...#....h..#.....###
####+####?......'.....#
#.......#.......#...###
#.......##......#...#
h........+......#h..##
.........##...###5...#
..........#.#+#.slh.##
#.......#### ##h...###
#'#...#+# ##. ##......######
..#####.###..##....#........
#.............#.....########
.###................#
........#...........#
.#..........##......#
##.#........###.....#
>...........#.#.#...#


You could see a scorpion, an iguana, a hound, Natasha and a cerulean imp
(summoned).

Vanquished Creatures
  Grinder (D:3)
  A sleepcap (D:4)
  Natasha (D:4)
  An adder (D:3)
  2 dart slugs
  4 orcs
  2 bats (D:2)
  6 endoplasms
  A giant cockroach (D:1)
  7 goblins
  3 hobgoblins
  2 jackals (D:1)
  2 quokkas
  3 ball pythons (D:1)
  3 frilled lizards
  6 kobolds
  4 rats
49 creatures vanquished.

Notes
Turn   | Place    | Note
-------+----------+-------------------------------------------
     0 | D:1      | GloriousHammer the Demigod Shapeshifter began the quest for
                  | the Orb.
     0 | D:1      | Reached XP level 1. HP: 17/17 MP: 3/3
    25 | D:1      | Reached skill level 2 in Unarmed Combat
   159 | D:1      | Reached XP level 2. HP: 12/24 MP: 4/4
   994 | D:2      | Noticed Sigmund
  1339 | D:3      | Reached XP level 3. HP: 21/29 MP: 5/5
  1374 | D:3      | Noticed Grinder
  1392 | D:3      | Paralysed by Grinder for 2 turns
  1395 | D:3      | Killed Grinder
  1396 | D:3      | Reached skill level 4 in Unarmed Combat
  1396 | D:3      | Reached XP level 4. HP: 9/36 MP: 6/6
  1396 | D:3      | Reached XP level 5. HP: 11/41 MP: 7/7
  2032 | D:4      | Found a staircase to the Ecumenical Temple.
  2115 | D:4      | Noticed Natasha
  2123 | D:4      | Killed Natasha
  2144 | D:4      | Reached skill level 5 in Unarmed Combat
  2232 | D:4      | Noticed Natasha
  2235 | D:4      | Noticed Edmund
  2258 | D:4      | HP: 2/41 [iguana (10)]
  2272 | D:4      | HP: 2/41 [cerulean imp/+1 spear[Natasha] (5)]
  2272 | D:4      | Mangled by an iguana

Illustrated notes

Levels and vault maps discovered:
D:1:      ebering_trefoil_twist, layout_basic
D:2:      layout_basic, shapermc_ecumenical_altar_starsandcircs, uniq_terence,
          uniq_sigmund
D:3:      layout_rooms, lightli_temple_of_fire, uniq_grinder
D:4:      nicolae_cairo_tiling_very_big, layout_cave_pools,
          nicolae_hepliaklqana_monster_ancestors, minmay_temple_entry_statues,
          uniq_edmund, uniq_natasha

Skill      XL: |  1  2  3  4  5 |
---------------+----------------+-----
Unarmed Combat | 2 4 5 |  5.0
Shapeshifting  | 3 |  3.9
Fighting       | |  1.7
Dodging        | |  1.7

Action                     |  1- 3 |  4- 6 || total
---------------------------+-------+-------++-------
  Melee: Unarmed           |    84 |    55 ||   139
         Punch             |     3 |     1 ||     4
    Use: Potion            |     1 |     3 ||     4
         Scroll            |       |     3 ||     3
   Stab: Sleeping          |     1 |       ||     1
 Armour: Animal skin       |     6 |       ||     6
         Scale mail        |     4 |     3 ||     7
         Skin              |     1 |     6 ||     7
         Chain mail        |       |    13 ||    13
  Dodge: Dodged            |    39 |    33 ||    72

Table legend: (Time is in decaauts)
 A = Elapsed time spent in this place.
 B = Non-inter-level travel time spent in this place.
 C = Inter-level travel time spent in this place.
 D = Time resting spent in this place.
 E = Time spent auto-exploring this place.
 F = Levels seen in this place.
 G = Mean time per level.
                   A        B        C        D        E       F      G
               +--------+--------+--------+--------+--------+-----+--------+
         Total |   2281 |   2195 |     86 |     62 |   1609 |   4 |  570.2 |
       Dungeon |   2281 |   2195 |     86 |     62 |   1609 |   4 |  570.2 |
               +--------+--------+--------+--------+--------+-----+--------+

Top non-repeatable levels by time:
     D:1: 984 daAuts
     D:3: 692 daAuts
     D:2: 348 daAuts
     D:4: 256 daAuts
